 Dungeon Crawl Stone Soup version 0.16-a0-3394-g83d1dde (console) character file.

43 MarvinPA the Insei (level 3, 0/23 HPs)
             Began as an Octopode Transmuter on Dec 30, 2014.
             Succumbed to poison (a potion of poison)
             ... on level 2 of the Dungeon.
             The game lasted 00:02:13 (1107 turns).

MarvinPA the Insei (Octopode Transmuter)            Turns: 1107, Time: 00:02:13

Health: 0/23       AC:  1    Str:  9    XL:     3   Next: 58%
Magic:  6/6        EV: 12    Int: 21    God:
Gold:   55         SH:  0    Dex: 12    Spells: 2 memorised, 3 levels left

rFire  . . .     SeeInvis .       - Unarmed
rCold  . . .     Clarity  .     (no shield)
rNeg   . . .     SustAb   .     (helmet restricted)
rPois  .         Gourm    .     (no amulet)
rElec  .         Spirit   .     (no ring)
rCorr  .         Warding  .     (no ring)
rMut   .         Stasis   .     (no ring)
MR     .....                    (no ring)
Stlth  ++........               (no ring)
                                (no ring)
                                (no ring)
                                (no ring)

@: brilliant, lethally poisoned, not resistant to hostile enchantments,
unstealthy
A: almost no armour, amphibious, 8 rings, constrict 8, camouflage 1, gelatinous
body 1
a: no special abilities


You were on level 2 of the Dungeon.
You were not hungry.

You visited 1 branch of the dungeon, and saw 2 of its levels.

You collected 55 gold pieces.


Innate Abilities, Weirdness & Mutations

You cannot wear most types of armour.
You are amphibious.
You can wear up to eight rings at the same time.
You can use your tentacles to constrict many enemies at once.
Your skin changes colour to match your surroundings (Stealth).
Your rubbery body absorbs attacks (AC +1).


   Skills:
 - Level 1.0 Fighting
 - Level 2.0 Dodging
 + Level 3.9 Unarmed Combat
 - Level 2.0 Spellcasting
 + Level 2.8 Transmutations


You had 3 spell levels left.
You knew the following spells:

 Your Spells              Type           Power        Failure   Level  Hunger
z - Beastly Appendage     Trmt           ####..       1%          1    #......
Z - Sticks to Snakes      Trmt           ####......   1%          2    ##.....

Inventory:

Missiles
 b - 9 arrows
Scrolls
 e - a scroll of identify {unknown}
 g - a scroll of recharging {unknown}
 h - 2 scrolls of teleportation {unknown}
 i - a scroll of remove curse {unknown}
 j - a scroll of random uselessness {unknown}
Books
 d - a book of Changes
Comestibles
 a - a bread ration
 c - a chunk of flesh {@w1}

Dungeon Overview and Level Annotations

Branches:
Dungeon (2/15)

Altars:

.....................
#.#.#.#######.#######.
#.#.#. #####.# #.#.#.
#...#.# ....#) #.....#
#......###...#.#
#........#
#.###.##)#######.# #x#
#.##(........# #.#
#.##......#### #†#
#.##......# #.#
#.#.......# #.#
####....### #.# ##..##
... ♣....♣ ### ♣♣...♣
♣♣.♣♣


There were no monsters in sight!


Message History

You feel sick.
* * * LOW HITPOINT WARNING * * *
You feel sick.
* * * LOW HITPOINT WARNING * * *
You feel sick.
* * * LOW HITPOINT WARNING * * *
You feel sick.
* * * LOW HITPOINT WARNING * * *
You feel sick.
* * * LOW HITPOINT WARNING * * *
You feel sick.
Your tentacle spike disappears.
* * * LOW HITPOINT WARNING * * *
You feel sick.
There is a lethal amount of poison in your body!
* * * LOW HITPOINT WARNING * * *
You feel sick.
* * * LOW HITPOINT WARNING * * *
You feel sick.
* * * LOW HITPOINT WARNING * * *
You feel sick.
* * * LOW HITPOINT WARNING * * *
You feel sick.
* * * LOW HITPOINT WARNING * * *
You feel sick.
* * * LOW HITPOINT WARNING * * *
You feel sick.
* * * LOW HITPOINT WARNING * * *
You feel sick.
You die...

Action                   || total
-------------------------++-------
Melee: Unarmed           ||    41
 Cast: Beastly Appendage ||     6
       Sticks to Snakes  ||     3
  Use: Potion            ||     3
  Eat: Chunk             ||     1

Vault maps used:
D:1:      dpeg_arrival_stone_temple_mockup
D:2:      nicolae_tso_carved_into_rock, first_bread, uniq_sigmund,
          uniq_crazy_yiuf_cottage

Notes
Turn   | Place    | Note
--------------------------------------------------------------
     0 | D:1      | MarvinPA, the Octopode Transmuter, began the quest for the Orb.
     0 | D:1      | Reached XP level 1. HP: 13/13 MP: 3/3
   269 | D:1      | Reached XP level 2. HP: 12/18 MP: 4/4
   371 | D:1      | Learned a level 2 spell: Sticks to Snakes
   972 | D:2      | Noticed Crazy Yiuf
  1005 | D:2      | Killed Crazy Yiuf
  1005 | D:2      | Reached XP level 3. HP: 23/23 MP: 0/6
  1099 | D:2      | HP: 2/23 [poison (a potion of poison)]
  1107 | D:2      | Succumbed to poison (a potion of poison)

Vanquished Creatures
  Crazy Yiuf (D:2)
  An adder (D:2)
  2 ball pythons (D:1)
  3 goblins (D:1)
  A hobgoblin (D:1)
  2 kobolds (D:1)
  3 bats (D:1)
  4 giant newts
  2 rats
19 creatures vanquished.
